 Dungeon Crawl Stone Soup version 0.14-a0-770-g009d3a2 (webtiles) character file.

332 Malachi the Ruffian (level 5, -1/45 HPs)
             Began as a Naga Transmuter on Nov 9, 2013.
             Slain by a gnoll
             ... wielding a +1,+2 flail
              (12 damage)
             ... on Level 3 of the Dungeon.
             The game lasted 00:09:04 (4704 turns).

Malachi the Ruffian (Naga Transmuter)               Turns: 4704, Time: 00:09:04

HP  -1/45        AC  4     Str 12      XL: 5   Next: 96%
MP   3/7         EV 10     Int 15      God:
Gold 113         SH  0     Dex 11      Spells:  3 memorised,  2 levels left

Res.Fire  : + . .   See Invis. : +     - Unarmed
Res.Cold  : . . .   Warding    : +   G - +2 robe {MR+}
Life Prot.: + . .   Conserve   : .   (no shield)
Res.Poison: +       Res.Corr.  : .   (no helmet)
Res.Elec. : .       Clarity    : .   (no cloak)
Sust.Abil.: . .     Spirit.Shd : .   (no gloves)
Res.Mut.  : .       Stasis     : .   (no barding)
Res.Rott. : .       Flight     : .   h - amulet of warding
Saprovore : . . .                    (no ring)
                                     k - ring of protection from fire

@: short of breath, very slightly contaminated, very slow, somewhat resistant to
hostile enchantments, fairly stealthy
A: spit poison, see invisible, deformed body, poison resistance, slowness 2, AC
+1
a: Spit Poison


You were on level 3 of the Dungeon.
You were hungry.

You visited 1 branch of the dungeon, and saw 4 of its levels.

You collected 113 gold pieces.

Inventory:

Hand weapons
 B - a cursed -1 blowgun
Missiles
 b - 53 arrows
 C - 15 poisoned needles
Armour
 c - a +0 robe
 n - a +0 helmet
 G - a +2 robe of magic resistance (worn)
Magical devices
 F - a wand of flame (8)
Comestibles
 a - 6 bread rations
 i - 2 chokos
Scrolls
 g - 3 scrolls of blinking
 m - 4 scrolls of remove curse {unknown}
 o - 2 scrolls of enchant weapon II
 p - a scroll of random uselessness {unknown}
 r - 2 scrolls of teleportation {unknown}
 s - a scroll of curse jewellery {unknown}
 t - a scroll of curse armour {unknown}
 w - 3 scrolls of fog {unknown}
 x - a scroll of identify
 y - a scroll of curse weapon {unknown}
 A - a scroll of fear {unknown}
 D - a scroll of recharging {unknown}
Jewellery
 h - an amulet of warding (around neck)
 k - a ring of protection from fire (left hand)
Potions
 e - a potion of curing
 j - a potion of might {unknown}
 l - a potion of restore abilities
 q - a potion of confusion {unknown}
 u - a potion of agility {unknown}
 v - a potion of brilliance {unknown}
 E - a potion of flight {unknown}
 H - a potion of magic {unknown}
Books
 d - a book of Changes

   Spells                             Type                      Level
   *Beastly Appendage                 Transmutation                1
   *Sticks to Snakes                  Transmutation                2
   *Spider Form                       Transmutation/Poison         3
   Ice Form                           Ice/Transmutation            4
   Blade Hands                        Transmutation                5
 f - a book of Beasts

   Spells                             Type                      Level
   Summon Butterflies                 Summoning                    1
   *Sticks to Snakes                  Transmutation                2
   Call Canine Familiar               Summoning                    3
   Ice Form                           Ice/Transmutation            4
   Summon Ice Beast                   Ice/Summoning                4
   Summon Hydra                       Summoning                    7


   Skills:
 + Level 1.7 Fighting
 + Level 2.5 Dodging
 + Level 2.1 Stealth
 + Level 4.3 Unarmed Combat
 - Level 2.0 Spellcasting
 * Level 3.1 Transmutations
 * Level 2.4 Poison Magic


You had 2 spell levels left.
You knew the following spells:

 Your Spells              Type           Power        Failure   Level  Hunger
a - Beastly Appendage     Trmt           ##....       8%          1    #......
b - Sticks to Snakes      Trmt           ##........   12%         2    ###....
c - Spider Form           Trmt/Pois      #.........   24%         3    ####...


Dungeon Overview and Level Annotations

Branches:
Dungeon (4/27)
 Temple: D:4-7

Altars:
Fedhas

Annotations:
D:3 timbw's ghost, weakling HEFE
D:4 Eustachio


Innate Abilities, Weirdness & Mutations

You cannot wear boots.
You can spit poison.
Your serpentine skin is tough (AC +1).*
You have supernaturally acute eyesight.
Armour fits poorly on your strangely shaped body.*
Your system is resistant to poisons.*
You cover ground very slowly.*


Message History

The gnoll is lightly wounded.
You feel slightly more hungry. The gnoll closely misses you.
The gnoll barely misses you.
Drink which item? (? for menu, Esc to quit)
You have got your breath back.
It was a potion of restore abilities.
The gnoll barely misses you.
Drink which item? (? for menu, Esc to quit)
Okay, then.
Use which ability? (? or * to list)
Press: ? - help, Shift-Dir - straight line, f/p - gnoll
Aim: a gnoll, wielding a halberd (severely wounded)
The splash of poison hits the gnoll.
The gnoll is severely wounded.
You feel slightly more hungry. The gnoll hits you with a flail.
* * * LOW HITPOINT WARNING * * *
The gnoll hits you from afar with a halberd.
* * * LOW HITPOINT WARNING * * *
Drink which item? (? for menu, Esc to quit)
You feel better. The gnoll hits you with a flail!
You die...

. #######.# #.#. ..... #.# #.#.
......# #.# #.## .....(.# #.#
#.## ......#################.#
#...
.......##..........[.....######
.......'>......................
.......#[)#.gg.################
##.#........#@##### ##
#.##...........# ###### #.
#......#....##.# #....# #.
#..#.#...#..##.# #....# #.
#.####.###.#..##.###....####.
#......###.#..##.............
######........######....#####
#..##.##.# #.........
#..##.##.######.....####


You could see 2 gnolls.

Vanquished Creatures
  Sigmund (D:4)
  2 gnolls (D:3)
  4 adders
  2 giant mites
  2 worms (D:2)
  A giant gecko (D:2)
  2 oozes
  2 orcs
  10 bats
  5 giant cockroaches
  6 goblins
  6 hobgoblins
  4 jackals (D:3)
  19 kobolds
  2 quokkas
  3 giant newts
  A giant newt skeleton (D:4)
  13 rats
85 creatures vanquished.

Notes
Turn   | Place    | Note
--------------------------------------------------------------
     0 | D:1      | Malachi, the Naga Transmuter, began the quest for the Orb.
     0 | D:1      | Reached XP level 1. HP: 18/18 MP: 1/1
   540 | D:1      | Reached XP level 2. HP: 23/25 MP: 0/3
  1007 | D:1      | Learned a level 2 spell: Sticks to Snakes
  1037 | D:2      | Found a blossoming altar of Fedhas.
  1069 | D:2      | Reached XP level 3. HP: 23/31 MP: 4/4
  1074 | D:2      | Learned a level 3 spell: Spider Form
  1513 | D:2      | Reached skill level 1 in Poison Magic
  1559 | D:2      | Reached skill level 4 in Unarmed Combat
  1559 | D:2      | HP: 1/31 [bat (1)]
  2009 | D:2      | Reached XP level 4. HP: 36/38 MP: 4/6
  2346 | D:2      | Reached skill level 1 in Stealth
  2844 | D:3      | Noticed timbw's ghost (weakling HEFE)
  3563 | D:4      | Reached XP level 5. HP: 33/44 MP: 7/7
  3762 | D:4      | Noticed Sigmund
  3780 | D:4      | Killed Sigmund
  4222 | D:4      | Noticed Eustachio
  4704 | D:3      | Slain by a gnoll

Action                   |  1- 3 |  4- 6 || total
-------------------------+-------+-------++-------
Melee: Unarmed           |    87 |   180 ||   267
 Cast: Beastly Appendage |     5 |     5 ||    10
       Sticks to Snakes  |       |     4 ||     4
       Spider Form       |       |     2 ||     2
 Abil: Spit Poison       |    33 |    15 ||    48
  Use: Scroll            |     4 |     1 ||     5
       Potion            |       |     2 ||     2
 Stab: Sleeping          |     1 |     1 ||     2
